 Dungeon Crawl Stone Soup version 0.14-a0-50-gc6ee670 (webtiles) character file.

123 Kae the Ruffian (level 3, -2/36 HPs)
             Began as a Troll Monk on Sept 29, 2013.
             Slain by an orc wizard
             ... wielding a -1,+1 orcish dagger
              (5 damage)
             ... on Level 3 of the Dungeon.
             The game lasted 00:03:39 (1330 turns).

Kae the Ruffian (Troll Monk)                        Turns: 1330, Time: 00:03:39

HP  -2/36        AC  5     Str 19      XL: 3   Next: 80%
MP   1/1         EV 11     Int  6      God:
Gold 63          SH  0     Dex 13      Spells:  0 memorised,  2 levels left

Res.Fire  : . . .   See Invis. : .     - Unarmed
Res.Cold  : . . .   Warding    : .   a - +0 robe
Life Prot.: . . .   Conserve   : .   (shield restricted)
Res.Poison: .       Res.Corr.  : .   (helmet restricted)
Res.Elec. : .       Clarity    : .   (no cloak)
Sust.Abil.: . .     Spirit.Shd : .   (gloves unavailable)
Res.Mut.  : .       Stasis     : .   (boots unavailable)
Res.Rott. : .       Flight     : .   (no amulet)
Gourmand  : +                        (no ring)
                                     (no ring)

@: slowed, very slow, not resistant to hostile enchantments, unstealthy
A: unfitting armour, claws 3, fast metabolism 3, gourmand, regeneration 2,
saprovore 2, tough skin 2, AC +1
a: no special abilities


You were on level 3 of the Dungeon.
You were very full.

You visited 1 branch of the dungeon, and saw 3 of its levels.

You collected 63 gold pieces.

Inventory:

Armour
 a - a +0 robe (worn)
Comestibles
 b - 2 meat rations
 j - 2 bread rations
Scrolls
 c - 8 scrolls of identify {unknown}
 d - a scroll of curse armour {unknown}
 f - 2 scrolls of teleportation {unknown}
 g - 5 scrolls of remove curse {unknown}
 m - a scroll of blinking {unknown}
 o - a scroll of magic mapping {unknown}
Jewellery
 e - an uncursed ring of protection from cold {unknown}
 n - an uncursed ring of poison resistance {unknown}
Potions
 h - a potion of slowing
 i - a potion of resistance {unknown}
 k - a potion of brilliance {unknown}
 l - 2 potions of poison {unknown}


   Skills:
 + Level 2.7 Fighting
 + Level 1.1 Armour
 + Level 2.9 Dodging
 - Level 1.1 Stealth
 * Level 4.4 Unarmed Combat


You had 2 spell levels left.
You didn't know any spells.

Dungeon Overview and Level Annotations

Branches:
Dungeon (3/27)

Altars:
Ashenzari


Innate Abilities, Weirdness & Mutations

You are too large for most types of armour.
You have claws for hands.
Your metabolism is lightning-fast.
You like to eat raw meat.
You heal very quickly.
You can eat rotten meat.
You are covered in fur (AC +1).
You have very tough skin (AC +2).


Message History

* * * LOW HITPOINT WARNING * * *
You barely miss the orc wizard. The orc wizard barely misses you.
The orc wizard barely misses you.
The orc wizard hits you but does no damage.
You barely miss the orc wizard.
The orc wizard hits you but does no damage.
You hit the orc wizard.
The orc wizard begins to bleed from its wounds!
The orc wizard is moderately wounded.
The orc wizard hits you but does no damage.
The orc wizard casts a spell at you. The magic dart hits you!
* * * LOW HITPOINT WARNING * * *
Drink which item? (? for menu, Esc to quit)
You feel as though you will be slow longer.
It was a potion of slowing.
The orc wizard barely misses you.
The orc wizard hits you with an orcish dagger.
* * * LOW HITPOINT WARNING * * *
The orc wizard hits you with an orcish dagger.
You die...

#########
#.......#
#.......#
#.....(.#
#..<....#
#######.......#
#..o@.[.......#
#.#####.#######
#.#


oo..........?.... #.#.....##..... ......... .%.. ........# ... .###.#.# . .....
You could see an orc wizard (bleeding).

Vanquished Creatures
  An adder (D:2)
  2 giant geckos
  An ooze (D:1)
  A giant cockroach (D:1)
  7 hobgoblins
  4 jackals (D:2)
  6 kobolds
  A ball python (D:2)
  6 bats
  4 goblins
  8 rats
41 creatures vanquished.

Vanquished Creatures (others)
  A plant (D:2)
1 creature vanquished.

Grand Total: 42 creatures vanquished

Notes
Turn   | Place    | Note
--------------------------------------------------------------
     0 | D:1      | Kae, the Troll Monk, began the quest for the Orb.
     0 | D:1      | Reached XP level 1. HP: 20/20 MP: 0/0
   146 | D:1      | Reached XP level 2. HP: 25/28 MP: 0/0
   501 | D:1      | Reached XP level 3. HP: 36/36 MP: 1/1
   826 | D:2      | Reached skill level 1 in Armour
  1042 | D:2      | Found a shattered altar of Ashenzari.
  1053 | D:2      | Saw a vision of the Swamp and the Snake Pit.
  1053 | D:2      | Noticed a naga
  1053 | D:2      | Noticed a swamp drake
  1053 | D:2      | Noticed a water moccasin
  1053 | D:2      | Noticed a naga
  1053 | D:2      | Noticed an alligator
  1054 | D:2      | Noticed a baby alligator
  1054 | D:2      | Noticed a baby alligator
  1056 | D:2      | Noticed a naga mage
  1330 | D:3      | Slain by an orc wizard

Action                   || total
-------------------------++-------
Melee: Unarmed           ||    91
  Use: Potion            ||     1
